 Dungeon Sprint DCSS version 0.14-a0-3350-g14ab857 (webtiles) character file.

41540 BluebellGnoll the Peltast (level 13, -2/178 HPs)
             Began as a Minotaur Berserker on Mar 18, 2014.
             Was an Elder of Trog.
             Slain by a shedu (7 damage)
             ... in the Dungeon (Sprint V: "Ziggurat Sprint").
             The game lasted 00:55:00 (1588 turns).

BluebellGnoll the Peltast (Minotaur Berserker)      Turns: 1588, Time: 00:55:00

HP  -2/178       AC 35     Str 47      XL: 13   Next: 80%
MP  18/18        EV  4     Int  8      God: Trog [****..]
Gold 0           SH 68     Dex 10      Spells:  0 memorised, 12 levels left

rFire  + . .     SeeInvis +     E - +12,+15 obsidian axe {chop, +Fly Str+3 SInv Curse}
rCold  . . .     Clarity  .     F - +15 Maxwell's patent armour {rCorr, Cons, -Cast -Tele MR+}
rNeg   + . .     Conserve +     G - +27 shield of the gong {rElec rN+ MR+ EV-5}
rPois  .         rCorr    +     W - +0 mask of the Dragon {MR+ Acc+3 Dam+3 SInv}
rElec  +         rRot     .     S - +0 cloak of the Evening Star {rF+ Int+4}
SustAb . .       Spirit   .     (no gloves)
rMut   .         Warding  .     (no boots)
Gourm  +         NoTele   +     R - amulet of the gourmand
MR     +++++     NoCast   +     s - +6 ring of strength
                                r - +6 ring of strength

@: mesmerised, regenerating, berserking, studying Unarmed Combat, glowing, very
quick, almost entirely resistant to hostile enchantments, extremely unstealthy
A: retaliatory headbutt, horns 2
a: Burn Spellbooks, Berserk, Trog's Hand, Brothers in Arms, Renounce Religion,
Evoke Flight


You were in the Dungeon.
You worshipped Trog.
Trog was greatly pleased with you.
You were very hungry.

You visited 1 branch

Inventory:

Hand weapons
 E - the cursed +12,+15 obsidian axe (weapon) {chop, +Fly Str+3 SInv Curse}
   (You found it in the Dungeon)

   It inflicts extra damage upon your enemies.
   It affects your strength (+3).
   It enhances your eyesight.
   It lets you fly.
   It may recurse itself when equipped.
   It has a curse placed upon it.
 M - a +7 blowgun
Missiles
 T - 22 javelins (quivered)
Armour
 F - the +15 Maxwell's patent armour (worn) {rCorr, Cons, -Cast -Tele MR+}
   (You found it in the Dungeon)

   It affects your resistance to hostile enchantments.
   It prevents spellcasting.
   It prevents most forms of teleportation.
 G - the +27 shield of the gong (worn) {rElec rN+ MR+ EV-5}
   (You found it in the Dungeon)

   It affects your evasion (-5).
   It insulates you from electricity.
   It protects you from negative energy.
   It affects your resistance to hostile enchantments.
 I - a +2 hat of magic resistance
 S - the +0 cloak of the Evening Star (worn) {rF+ Int+4}
   (You found it in the Dungeon)

   It affects your intelligence (+4).
   It protects you from fire.
 W - the +0 mask of the Dragon (worn) {MR+ Acc+3 Dam+3 SInv}
   (You found it in the Dungeon)

   It affects your accuracy with ranged weapons and melee attacks (+3).
   It affects your damage with ranged weapons and melee attacks (+3).
   It affects your resistance to hostile enchantments.
   It enhances your eyesight.
 X - the +27 Lear's hauberk
   (You found it in the Dungeon)
Magical devices
 j - a wand of disintegration (7)
 k - a wand of fire (7)
 l - a wand of cold (5)
 m - a wand of draining (5)
Comestibles
 b - 3 meat rations
 c - 5 bread rations
Scrolls
 i - 4 scrolls of blinking
 y - 2 scrolls of recharging
 z - 8 scrolls of fog
 A - a scroll of holy word
 B - 5 scrolls of identify
 C - 4 scrolls of remove curse
 D - 2 scrolls of fear
Jewellery
 a - the ring "Griam" {+Inv rElec MR Str+2}
   (You found it in the Dungeon)

   [ring of protection from magic]

   It affects your strength (+2).
   It insulates you from electricity.
   It lets you turn invisible.
 o - the amulet of Akipoikh {rMut -Tele rPois rN+ Str+2}
   (You found it in the Dungeon)

   [amulet of resist mutation]

   It affects your strength (+2).
   It protects you from poison.
   It protects you from negative energy.
   It prevents most forms of teleportation.
 r - a +6 ring of strength (left hand)
 s - a +6 ring of strength (right hand)
 H - a cursed ring of protection from fire
 K - an uncursed ring of regeneration
 O - an uncursed amulet of resist mutation
 P - the cursed amulet of Daffodils {rMut rN+ Acc+5}
   (You found it in the Dungeon)

   [amulet of resist mutation]

   It affects your accuracy with ranged weapons and melee attacks (+5).
   It protects you from negative energy.
   It has a curse placed upon it.
 Q - the amulet "Stroy" {Stasis +Inv}
   (You found it in the Dungeon)

   [amulet of stasis]

   It lets you turn invisible.
 R - an amulet of the gourmand (around neck)
 Z - an uncursed ring of protection from cold
Potions
 d - 9 potions of curing
 e - 8 potions of heal wounds
 f - 7 potions of haste
 g - 7 potions of magic
 h - 3 potions of berserk rage
 p - a potion of blood
 q - 2 potions of invisibility
 t - 2 potions of restore abilities
 u - 4 potions of resistance
 v - a potion of experience
 w - 5 potions of agility
 x - 5 potions of might
Books
 Y - a manual of Unarmed Combat
Miscellaneous
 n - a disc of storms
 J - a lantern of shadows
 L - a stone of tremors
 N - a disc of storms
 V - a sack of spiders


   Skills:
 + Level 12.6 Fighting
 - Level 22.4 Axes
 - Level 19.9 Armour
 - Level 2.1 Dodging
 - Level 25.6 Shields
 - Level 6.2 Evocations


You had 12 spell levels left.
You didn't know any spells.

Dungeon Overview and Level Annotations

Branches:
Dungeon (1/1)

Altars:
Ashenzari
Cheibriados
Dithmenos
Elyvilon
Fedhas
Kikubaaqudgha
Makhleb
Nemelex Xobeh
Okawaru
Sif Muna
Trog
Vehumet
Xom
Yredelemnul
Zin
The Shining One
Beogh
Jiyva
Lugonu


Innate Abilities, Weirdness & Mutations

You reflexively headbutt those who attack you in melee.
You have a pair of horns on your head.


Message History

Unknown command.
Unknown command.
Unknown command.
You slice the angel!! Your headbutt misses the angel.
The angel is severely wounded.
You completely miss the apis.
The apis is heavily wounded.
You chop the shedu into pieces!!!
The shedu is almost dead.
You closely miss the cherub.
The cherub is moderately wounded.
Visions of slaying the shedu flood into your mind.
You are engulfed in blessed fire.
You block the angel's attack.
SHROANNG!
You block the angel's attack.
GONNNNG!
The shedu kicks you.
* * * LOW HITPOINT WARNING * * *
The shedu kicks you!
You die... ©8. ▓≈≈........ :)[)}:[}}

▓..≈..≈≈...
)|[[")=))..▓).≈..≈[..≈
....A.......▓...)).≈...
.......AH....▓.)▓))|..▓+
▓....TA.......▓≈.()((≈...
▓.....AAb.....▓≈≈≈...≈.≈≈
▓....§§AYHY...▓▓▓▓▓▓▓▓▓▓▓
..▓.DH§@A§▓..▓...8©8...▓
▓ ▓.▓(..§3▓.▓ ▓..||}T)..▓
▓..▓....§..▓..▓..)}.:}..▓
▓.............▓.........▓
▓.............▓.........▓
▓▓▓▓▓▓▓▓▓▓▓▓▓▓▓.........▓
▓.........▓ ▓.).......▓
▓)▓.....▓.▓


You could see 2 apis, 3 daevas, a pearl dragon, a phoenix, 3 shedu, an angel, 3
cherubim, a friendly deep troll (berserk) and a friendly ynoxinul.

Vanquished Creatures
  A golden dragon (D)
  An electric golem (D)
  A lich (D)
  A reaper (D)
  A shedu (D)
  A grey draconian (D)
  2 vampire knights (D)
  A pale draconian (D)
  A black draconian (D)
  A mottled draconian (D)
  3 purple draconians (D)
  3 yellow draconians (D)
  A red draconian (D)
  A merfolk javelineer (D)
  2 merfolk impalers (D)
  A mummy priest (D)
  A fire dragon (D)
  A large abomination (D)
  An ice devil (D)
  4 skeletal warriors (D)
  A wizard (D)
  4 draconians (D)
  A manticore (D)
  A black mamba (D)
  A naga mage (D)
  A kobold demonologist (D)
  2 freezing wraiths (D)
  4 guardian mummies (D)
  2 merfolk (D)
  A blue devil (D)
  A snapping turtle (D)
  5 shadows (D)
  A ynoxinul (D)
  A yak (D)
  A vampire (D)
  A chaos spawn (D)
  3 nagas (D)
  A necrophage (D)
  A porcupine (D)
  3 water moccasins (D)
  A small abomination (D)
  A spider (D)
  A yellow wasp (D)
  Sigmund (D)
  Blork the orc (D)
  A scorpion (D)
  4 killer bees (D)
  2 wights (D)
  A crimson imp (D)
  A goliath beetle (D)
  An iron imp (D)
  2 quasits (D)
  3 worker ants (D)
  A sheep (D)
  4 mummies (D)
  5 adders (D)
  A green rat (D)
  A shadow imp (D)
  2 white imps (D)
  3 ufetubi (D)
  2 adder zombies (D)
  4 ball pythons (D)
  A bat skeleton (D)
  2 bat zombies (D)
  A giant cockroach zombie (D)
  A goblin skeleton (D)
  A hobgoblin skeleton (D)
  5 jackals (D)
  A rat skeleton (D)
120 creatures vanquished.

Vanquished Creatures (collateral kills)
  A greater mummy (D)
  2 liches (D)
  A merfolk javelineer (D)
  3 merfolk impalers (D)
  2 merfolk aquamancers (D)
  A thrashing horror (D)
  A hell hog (D)
  An ice devil (D)
  2 skeletal warriors (D)
  A sea snake (D)
  A necromancer (D)
  A griffon (D)
  A worldbinder (D)
  A moth of wrath (D)
  3 freezing wraiths (D)
  2 guardian mummies (D)
  A merfolk (D)
  2 snapping turtles (D)
  A flying skull (D)
  A ynoxinul (D)
  A neqoxec (D)
  A necrophage (D)
  2 ice beasts (D)
  A black bear (D)
  A centaur (D)
  2 wights (D)
  2 iron imps (D)
  2 quasits (D)
  A worker ant (D)
  Jessica (D)
  A shadow imp (D)
  2 white imps (D)
  An adder skeleton (D)
  An adder zombie (D)
  A giant cockroach zombie (D)
  A giant newt skeleton (D)
  2 giant newt zombies (D)
  A goblin skeleton (D)
  2 kobold skeletons (D)
  A kobold zombie (D)
  A quokka zombie (D)
57 creatures vanquished.

Vanquished Creatures (others)
  An iron troll (D)
  A deep troll (D)
  A sixfirhy (D)
  A smoke demon (D)
  A red devil (D)
  A hellwing (D)
  2 trolls (D)
  4 ogres (D)
12 creatures vanquished.

Grand Total: 189 creatures vanquished

Notes
Turn   | Place    | Note
--------------------------------------------------------------
     0 | D        | BluebellGnoll, the Minotaur Berserker, began the quest for the Orb.
     0 | D        | Reached XP level 1. HP: 19/19 MP: 1/1
     0 | D        | Found a white marble altar of Elyvilon.
     1 | D        | Found a sparkling altar of Nemelex Xobeh.
     1 | D        | Found a burning altar of Makhleb.
     2 | D        | Found a deep blue altar of Sif Muna.
     2 | D        | Found a bloodstained altar of Trog.
     5 | D        | Found an iron altar of Okawaru.
    16 | D        | Found an ancient bone altar of Kikubaaqudgha.
    18 | D        | Found a basalt altar of Yredelemnul.
    18 | D        | Found a radiant altar of Vehumet.
    21 | D        | Found a shimmering altar of Xom.
   134 | D        | Entered arena 1.
   134 | D        | Noticed a wizard
   138 | D        | Killed a wizard
   138 | D        | Acquired Trog's second power
   138 | D        | Reached skill level 11 in Armour
   138 | D        | Reached skill level 12 in Shields
   138 | D        | Reached XP level 2. HP: 26/26 MP: 1/1
   138 | D        | Reached XP level 3. HP: 31/31 MP: 2/2
   138 | D        | Reached XP level 4. HP: 39/39 MP: 2/2
   138 | D        | Reached XP level 5. HP: 45/45 MP: 2/2
   138 | D        | Reached XP level 6. HP: 51/51 MP: 3/3
   144 | D        | Entered arena 2.
   144 | D        | Noticed Sigmund
   144 | D        | Noticed Jessica
   144 | D        | Noticed Blork the orc
   149 | D        | Killed Sigmund
   149 | D        | Reached XP level 7. HP: 55/60 MP: 3/3
   150 | D        | Killed Blork the orc
   150 | D        | Reached skill level 5 in Fighting
   150 | D        | Reached skill level 5 in Axes
   150 | D        | Killed Jessica
   166 | D        | Entered arena 3.
   166 | D        | Noticed a draconian
   166 | D        | Noticed a draconian
   166 | D        | Noticed a draconian
   166 | D        | Noticed a draconian
   172 | D        | Killed a draconian
   172 | D        | Killed a draconian
   172 | D        | Acquired Trog's third power
   172 | D        | Reached skill level 10 in Fighting
   172 | D        | Reached skill level 10 in Axes
   172 | D        | Reached XP level 8. HP: 68/79 MP: 3/3
   176 | D        | Killed a draconian
   177 | D        | Killed a draconian
   177 | D        | Reached XP level 9. HP: 76/90 MP: 4/4
   227 | D        | Entered arena 4.
   227 | D        | Noticed a water moccasin
   227 | D        | Noticed a water moccasin
   227 | D        | Noticed a naga
   230 | D        | Killed a water moccasin
   230 | D        | Reached skill level 13 in Axes
   234 | D        | Killed a naga
   234 | D        | Killed a water moccasin
   234 | D        | Received a gift from Trog
   248 | D        | Entered arena 5.
   271 | D        | Entered arena 6.
   271 | D        | Noticed an iron imp
   271 | D        | Noticed a crimson imp
   275 | D        | Killed a crimson imp
   276 | D        | Killed an iron imp
   290 | D        | Entered arena 7.
   290 | D        | Noticed a greater mummy
   290 | D        | Noticed a guardian mummy
   290 | D        | Noticed a guardian mummy
   290 | D        | Noticed a guardian mummy
   295 | D        | Killed a guardian mummy
   295 | D        | Reached skill level 14 in Axes
   295 | D        | Killed a guardian mummy
   302 | D        | Killed a greater mummy
   302 | D        | Reached skill level 17 in Axes
   302 | D        | Reached skill level 15 in Shields
   302 | D        | Reached XP level 10. HP: 66/100 MP: 4/4
   305 | D        | Killed a guardian mummy
   315 | D        | Got the cursed amulet of Daffodils {rMut rN+ Acc+5}
   317 | D        | Got the amulet "Stroy" {Stasis +Inv}
   411 | D        | Entered arena 8.
   411 | D        | Noticed a guardian mummy
   411 | D        | Noticed a mummy priest
   411 | D        | Noticed a guardian mummy
   411 | D        | Noticed a guardian mummy
   417 | D        | Identified a +2 rod of the swarm (11/12)
   419 | D        | Noticed a soul eater
   419 | D        | Killed a guardian mummy
   420 | D        | Killed a guardian mummy
   435 | D        | Killed a mummy priest
   437 | D        | Killed a guardian mummy
   685 | D        | Entered arena 9.
   685 | D        | Noticed a naga mage
   685 | D        | Noticed a black mamba
   685 | D        | Noticed a water moccasin
   685 | D        | Noticed a naga
   685 | D        | Noticed a naga
   692 | D        | Killed a black mamba
   692 | D        | Reached skill level 18 in Axes
   694 | D        | Killed a naga
   695 | D        | Killed a naga
   695 | D        | Reached XP level 11. HP: 100/105 MP: 4/4
   696 | D        | Killed a naga mage
   698 | D        | Killed a water moccasin
   712 | D        | Got the ring "Griam" {+Inv rElec MR Str+2}
   718 | D        | Entered arena 10.
   718 | D        | Noticed a yak
   718 | D        | Noticed a porcupine
   723 | D        | Killed a porcupine
   724 | D        | Killed a yak
   724 | D        | Reached skill level 1 in Evocations
   725 | D        | Received a gift from Trog
   754 | D        | Got the +0 cloak of the Evening Star {rF+ Int+4}
   762 | D        | Entered arena 11.
   762 | D        | Noticed a flying skull
   762 | D        | Noticed an ice beast
   762 | D        | Noticed a freezing wraith
   763 | D        | Noticed a shadow
   763 | D        | Noticed an ice beast
   772 | D        | Killed a freezing wraith
   772 | D        | Reached skill level 19 in Axes
   772 | D        | Killed an ice beast
   773 | D        | Killed an ice beast
   774 | D        | Killed a flying skull
   776 | D        | Killed a shadow
   798 | D        | Entered arena 12.
   798 | D        | Noticed a shadow
   798 | D        | Noticed a lich
   798 | D        | Noticed a skeletal warrior
   798 | D        | Noticed a skeletal warrior
   799 | D        | Noticed a skeletal warrior
   799 | D        | Noticed a shadow
   808 | D        | Killed a skeletal warrior
   812 | D        | Killed a skeletal warrior
   813 | D        | Killed a shadow
   815 | D        | Killed a lich
   815 | D        | Reached skill level 20 in Axes
   815 | D        | Reached skill level 5 in Evocations
   821 | D        | Killed a skeletal warrior
   826 | D        | Killed a shadow
   848 | D        | Entered arena 13.
   848 | D        | Noticed a merfolk javelineer
   848 | D        | Noticed a merfolk
   848 | D        | Noticed a merfolk impaler
   848 | D        | Noticed a merfolk impaler
   848 | D        | Noticed a griffon
   848 | D        | Noticed a merfolk aquamancer
   848 | D        | Noticed a snapping turtle
   848 | D        | Noticed a manticore
   848 | D        | Noticed a snapping turtle
   848 | D        | Noticed a merfolk
   848 | D        | Noticed a centaur
   848 | D        | Noticed a snapping turtle
   848 | D        | Noticed a merfolk javelineer
   848 | D        | Noticed a merfolk impaler
   848 | D        | Noticed a merfolk aquamancer
   848 | D        | Noticed a merfolk impaler
   850 | D        | Noticed a merfolk
   850 | D        | Noticed a sea snake
   851 | D        | Noticed a merfolk impaler
   851 | D        | Killed a merfolk aquamancer
   851 | D        | Reached skill level 21 in Axes
   853 | D        | Killed a merfolk javelineer
   853 | D        | Killed a merfolk impaler
   853 | D        | Killed a snapping turtle
   855 | D        | Killed a merfolk javelineer
   856 | D        | Killed a merfolk
   856 | D        | Killed a centaur
   856 | D        | Received a gift from Trog
   857 | D        | Killed a griffon
   857 | D        | Killed a merfolk aquamancer
   857 | D        | Killed a merfolk impaler
   857 | D        | Reached XP level 12. HP: 64/113 MP: 15/17
   860 | D        | Killed a merfolk impaler
   860 | D        | Reached skill level 22 in Axes
   861 | D        | Killed a merfolk impaler
   861 | D        | Killed a sea snake
   863 | D        | Killed a snapping turtle
   865 | D        | Killed a snapping turtle
   866 | D        | Killed a merfolk
   867 | D        | Killed a manticore
   868 | D        | Killed a merfolk impaler
   868 | D        | Received a gift from Trog
   869 | D        | Killed a merfolk
   889 | D        | Got the ring "Scheol" {Str+2 Dex+1}
  1024 | D        | Entered arena 14.
  1024 | D        | Noticed a ynoxinul
  1024 | D        | Noticed a large abomination
  1024 | D        | Noticed a thrashing horror
  1025 | D        | Noticed a quasit
  1025 | D        | Noticed a hell hog
  1025 | D        | Noticed a neqoxec
  1025 | D        | Noticed an iron imp
  1025 | D        | Noticed a small abomination
  1025 | D        | Noticed a quasit
  1025 | D        | Noticed an iron imp
  1026 | D        | Noticed a quasit
  1026 | D        | Noticed a worldbinder
  1028 | D        | Noticed a kobold demonologist
  1029 | D        | Killed a ynoxinul
  1030 | D        | Killed a quasit
  1031 | D        | Killed a worldbinder
  1032 | D        | Killed a quasit
  1032 | D        | Killed a thrashing horror
  1033 | D        | Killed a large abomination
  1033 | D        | Received a gift from Trog
  1033 | D        | Reached skill level 15 in Armour
  1033 | D        | Killed a quasit
  1035 | D        | Killed a small abomination
  1036 | D        | Killed a kobold demonologist
  1036 | D        | Killed an iron imp
  1036 | D        | Killed a hell hog
  1036 | D        | Killed an iron imp
  1041 | D        | Killed a neqoxec
  1041 | D        | Received a gift from Trog
  1136 | D        | Got a pitted war axe {god gift}
  1137 | D        | Identified the +4,+10 war axe of Gros Tra {vamp, Dex-5 Stlth--} (Trog gifted it to you in the Dungeon)
  1144 | D        | Entered arena 15.
  1144 | D        | Noticed an ice devil
  1144 | D        | Noticed a freezing wraith
  1145 | D        | Noticed a freezing wraith
  1145 | D        | Noticed a blue devil
  1145 | D        | Noticed an ice devil
  1145 | D        | Noticed a wight
  1150 | D        | Killed an ice devil
  1151 | D        | Killed a freezing wraith
  1152 | D        | Killed a wight
  1154 | D        | Noticed a vampire
  1154 | D        | Noticed a freezing wraith
  1155 | D        | Killed an ice devil
  1157 | D        | Killed a freezing wraith
  1158 | D        | Killed a blue devil
  1162 | D        | Killed a freezing wraith
  1164 | D        | Killed a vampire
  1183 | D        | Got the amulet of Akipoikh {rMut -Tele rPois rN+ Str+2}
  1194 | D        | Received a gift from Trog
  1198 | D        | Entered arena 16.
  1200 | D        | Noticed a black draconian
  1200 | D        | Noticed a purple draconian
  1200 | D        | Noticed a moth of wrath
  1201 | D        | Noticed a fire dragon
  1201 | D        | Noticed a pale draconian
  1201 | D        | Noticed a purple draconian
  1201 | D        | Noticed an electric golem
  1202 | D        | Noticed a yellow draconian
  1202 | D        | Noticed a yellow draconian
  1202 | D        | Noticed a mottled draconian
  1202 | D        | Noticed a purple draconian
  1202 | D        | Noticed a yellow draconian
  1203 | D        | Noticed a red draconian
  1203 | D        | Noticed a golden dragon
  1204 | D        | Noticed a grey draconian
  1205 | D        | Killed a moth of wrath
  1218 | D        | Killed a purple draconian
  1219 | D        | Killed a fire dragon
  1219 | D        | Killed a yellow draconian
  1222 | D        | Killed a grey draconian
  1223 | D        | Killed a black draconian
  1224 | D        | Killed a red draconian
  1224 | D        | Killed a purple draconian
  1224 | D        | Received a gift from Trog
  1224 | D        | Reached XP level 13. HP: 72/119 MP: 18/18
  1225 | D        | Killed a purple draconian
  1225 | D        | Killed a pale draconian
  1227 | D        | Killed a golden dragon
  1227 | D        | Reached skill level 23 in Shields
  1229 | D        | Killed an electric golem
  1231 | D        | Killed a yellow draconian
  1235 | D        | Killed a yellow draconian
  1237 | D        | Killed a mottled draconian
  1237 | D        | Reached skill level 24 in Shields
  1503 | D        | Entered arena 17.
  1503 | D        | Noticed a vampire knight
  1503 | D        | Noticed a vampire knight
  1507 | D        | Killed a vampire knight
  1508 | D        | Killed a vampire knight
  1509 | D        | Noticed a lich
  1509 | D        | Noticed a necromancer
  1509 | D        | Noticed a lich
  1509 | D        | Noticed a necrophage
  1509 | D        | Noticed a skeletal warrior
  1509 | D        | Noticed a shadow
  1510 | D        | Noticed a reaper
  1510 | D        | Noticed a wight
  1510 | D        | Noticed a wight
  1510 | D        | Noticed a skeletal warrior
  1510 | D        | Noticed a necrophage
  1511 | D        | Noticed a wight
  1511 | D        | Noticed a skeletal warrior
  1517 | D        | Killed a skeletal warrior
  1517 | D        | Killed a wight
  1517 | D        | Killed a skeletal warrior
  1518 | D        | Killed a wight
  1518 | D        | Killed a necrophage
  1519 | D        | Killed a necromancer
  1520 | D        | Killed a necrophage
  1520 | D        | Killed a wight
  1521 | D        | Killed a reaper
  1521 | D        | Killed a lich
  1521 | D        | Received a gift from Trog
  1521 | D        | Reached skill level 25 in Shields
  1522 | D        | Killed a shadow
  1522 | D        | Killed a skeletal warrior
  1522 | D        | Killed a lich
  1575 | D        | Entered arena 18.
  1577 | D        | Noticed a shedu
  1577 | D        | Noticed a shedu
  1578 | D        | Noticed an apis
  1578 | D        | Noticed a cherub
  1578 | D        | Noticed a cherub
  1579 | D        | Noticed a pearl dragon
  1580 | D        | Noticed a daeva
  1580 | D        | Noticed a daeva
  1580 | D        | Noticed a shedu
  1581 | D        | Noticed a cherub
  1581 | D        | Noticed a phoenix
  1581 | D        | Noticed an angel
  1581 | D        | Noticed an apis
  1583 | D        | Noticed a daeva
  1583 | D        | Noticed a shedu
  1586 | D        | HP: 4/178 [daeva/divine providence (10)]
  1587 | D        | Killed a shedu
  1588 | D        | Slain by a shedu

Action                   |  1- 3 |  4- 6 |  7- 9 | 10-12 | 13-15 || total
-------------------------+-------+-------+-------+-------+-------++-------
Melee: Broad axe         |     3 |     3 |    26 |   102 |    30 ||   164
Invok: Trog's Hand       |       |       |     5 |     8 |     2 ||    15
       Brothers in Arms  |       |       |     3 |    13 |     4 ||    20
       Berserk           |       |       |       |     1 |     2 ||     3
       Burn Spellbooks   |       |       |       |     1 |       ||     1
 Abil: Evoke Invisibilit |       |       |       |     2 |       ||     2
Evoke: Wand              |       |       |       |     6 |       ||     6
       Stone of tremors  |       |       |       |     1 |       ||     1
       Disc of storms    |       |       |       |     1 |       ||     1
       Sack of spiders   |       |       |       |     1 |       ||     1
  Use: Potion            |       |       |     1 |     4 |       ||     5
       Scroll            |       |       |       |     2 |       ||     2
 Stab: Distracted        |       |       |       |     1 |     1 ||     2
       Invisible         |       |       |       |     5 |       ||     5
